 Dungeon Crawl Stone Soup version 0.20-a0-1017-gc3250ce (webtiles) character file.

28 Gorglomux the Vexing (level 3, 0/30 HPs)
             Began as a Centaur Enchanter on Apr 16, 2017.
             Slain by Terence
             ... wielding a +0 mace
              (4 damage)
             ... on level 2 of the Dungeon.
             The game lasted 00:03:05 (1039 turns).

Gorglomux the Vexing (Centaur Enchanter)            Turns: 1039, Time: 00:03:05

Health: 0/30       AC:  4    Str: 10    XL:     3   Next: 0%
Magic:  1/5        EV:  9    Int: 14    God:
Gold:   12         SH:  0    Dex: 10    Spells: 2/5 levels left

rFire    . . .     SeeInvis .   k - +0 mace
rCold    . . .     Gourm    .   (no shield)
rNeg     . . .     Faith    .   b - +0 robe
rPois    .         Spirit   .   (no helmet)
rElec    .         Reflect  .   (no cloak)
rCorr    .         Harm     .   (no gloves)
MR       .....                  (no barding)
Stlth    +.........             (no amulet)
Regen    0.1/turn               (no ring)
MPRegen  0.1/turn               (no ring)

@: very slightly contaminated, very quick
A: hooves 3, deformed body, speed 2, tough skin 3
a: no special abilities


You were on level 2 of the Dungeon.
You were not hungry.

You visited 1 branch of the dungeon, and saw 2 of its levels.

You collected 12 gold pieces.

Inventory:

Hand Weapons
 a - a +1 dagger
 k - a +0 mace (weapon)
   (You found it on level 2 of the Dungeon)
Missiles
 e - 38 stones (quivered)
 i - 20 sling bullets
Armour
 b - a +0 robe (worn)
Scrolls
 f - a scroll of blinking {unknown}
 g - a scroll of identify {unknown}
 h - a scroll of remove curse {unknown}
Books
 c - a book of Maledictions
Comestibles
 d - a bread ration {@e1@e1}
 j - a chunk of flesh {@w0@w0}


   Skills:
 + Level 2.6 Fighting
 - Level 0.8 Short Blades
 - Level 1.3 Dodging
 - Level 1.7 Stealth
 - Level 1.5 Spellcasting
 - Level 2.6 Hexes


You had 2 spell levels left.
You knew the following spells:

 Your Spells              Type           Power        Failure   Level  Hunger
a - Corona                Hex            #......      10%         1    ##.....
b - Ensorcelled Hibernat  Hex/Ice        #.....       24%         2    ###....


Dungeon Overview and Level Annotations

Branches:
Dungeon (2/15)

Altars:

Annotations:
D:2 Terence


Innate Abilities, Weirdness & Mutations

You have hooves in place of feet.
Armour fits poorly on your strangely shaped body.
You cover ground very quickly.
You have extremely tough skin. (AC +3)


Message History

You hit the dart slug but do no damage. You hit the dart slug but do no damage.
You kick the dart slug, but do no damage.
The dart slug launches a dart at you. The slug dart hits you!
* * * LOW HITPOINT WARNING * * *
You take 1 damage, and have 3/25 hp.
You hit the dart slug. The dart slug bites you.
* * * LOW HITPOINT WARNING * * *
You take 2 damage, and have 1/25 hp.
You hit the dart slug.
You kill the dart slug!
e - 41 stones (gained 1)
Things that are here:
a club; a dart slug corpse You butcher the dart slug corpse.
j - a chunk of flesh {@w0@w0} You see here a club.
You start resting.
A bat comes into view.
You regained 18 hp, and now have 20/25 hp.
Unknown command.
Aim: a bat You throw a stone.
The stone hits the bat but does no damage.
All of the chunks of flesh in your inventory have rotted away.
Aim: a bat You throw a stone.
The stone misses the bat.
The bat hits you but does no damage.
Aim: a bat You throw a stone.
The stone hits the bat but does no damage.
The bat hits you.
You take 1 damage, and have 19/25 hp.
You hit the bat. You kick the bat.
You kill the bat!
You have reached level 3!
Your experience leads to an increase in your attributes!
Increase (S)trength, (I)ntelligence, or (D)exterity?
You feel agile.
You regained 4 hp, and now have 23/30 hp.
MP restored: 5 You see here a bat corpse.
You butcher the bat corpse.
j - a chunk of flesh {@w0@w0} You see here a bat skeleton.
You start resting.
Health restored: 30
e - 39 stones (gained 1)
There is a stone staircase leading down here.
Memorise Ensorcelled Hibernation, consuming 2 spell levels and leaving 2?
You start memorising the spell.
You continue memorising. x2
You finish memorising.
Spell assigned to 'b'.
You climb downwards.
Level annotation: Terence
There is a stone staircase leading up here.
Okay, then.
Terence shouts!
Terence is too close now for your liking.
Terence is nearby!
Terence is nearby!
Aim: Terence, wielding a mace and wearing a shiny scale mail You throw a stone.
The stone closely misses Terence.
Aim: Terence, wielding a mace and wearing a shiny scale mail (chance to defeat MR: 51%) Terence struggles to resist.
You now have 4/5 mp.
Aim: Terence, wielding a mace and wearing a shiny scale mail (chance to defeat MR: 51%) Terence struggles to resist.
You now have 3/5 mp.
Aim: Terence, wielding a mace and wearing a shiny scale mail (chance to defeat MR: 51%)
You miscast Corona.
You are very lightly contaminated with residual magic.
Nothing appears to happen.
Terence hits you with a mace.
You take 5 damage, and have 25/30 hp.
You now have 2/5 mp.
Sorry, you're not good enough to have a special ability.
Unknown command.
Aim: Terence, wielding a mace and wearing a shiny scale mail (chance to defeat MR: 51%) Terence struggles to resist.
You now have 1/5 mp.
Aim: Terence, wielding a mace and wearing a shiny scale mail (chance to defeat MR: 51%) Terence struggles to resist.
Terence hits you but does no damage.
You now have 0/5 mp.
You hit Terence. You kick Terence, but do no damage.
Terence hits you with a mace!
You take 7 damage, and have 18/30 hp.
MASSIVE DAMAGE!!
Terence asks, "Do you want it fast or slow?"
You see here a mace.
k - a mace Wield which item (- for none, * to show all)? (? for menu, Esc to quit)
k - a +0 mace (weapon)
You swing at nothing.
You hit Terence. Terence hits you with a mace.
You take 3 damage, and have 16/30 hp.
You hit Terence. Terence hits you with a mace.
You take 5 damage, and have 11/30 hp.
You barely miss Terence. Terence hits you with a mace!
* * * LOW HITPOINT WARNING * * *
Terence hits you with a mace.
You die...

#..##..##.# #.# .# .
...#.....###.###.##..
#.#......(..<.......
#......###.#........
##....## #.#..#.###.
#....# #(#..#.###..
#....####(#.<.......
#..####...##....).......#
..........@@...##...##...
..#####...##.#.#8...8# .#
#.......(##...##
##.##....##...#
#(##....##...#
#.##....#8...8 #.#######
...## #.# #..


You could see Terence.

Vanquished Creatures
  A dart slug (D:1)
  6 bats (D:1)
  3 giant cockroaches (D:1)
  4 goblins (D:1)
  3 hobgoblins (D:1)
  3 frilled lizards (D:1)
  A kobold (D:1)
  4 rats (D:1)
25 creatures vanquished.

Notes
Turn   | Place    | Note
-------+----------+-------------------------------------------
     0 | D:1      | Gorglomux the Centaur Enchanter began the quest for the Orb.
     0 | D:1      | Reached XP level 1. HP: 14/14 MP: 3/3
    41 | D:1      | Reached skill level 1 in Fighting
   112 | D:1      | Reached XP level 2. HP: 18/24 MP: 4/4
   280 | D:1      | Reached skill level 2 in Fighting
   571 | D:2      | Noticed Terence
   582 | D:2      | HP: 1/25 [Terence/mace (8)]
   675 | D:1      | HP: 5/25 [dart slug/slug dart (2)]
   679 | D:1      | HP: 1/25 [dart slug (2)]
   916 | D:1      | Reached XP level 3. HP: 23/30 MP: 5/5
  1014 | D:1      | Learned a level 2 spell: Ensorcelled Hibernation
  1039 | D:2      | HP: 4/30 [Terence/mace (7)]
  1039 | D:2      | Slain by Terence

Vault maps used:
D:1:      minmay_arrival_semitransparent
D:2:      minmay_wonky_spiral, nicolae_overflow_crystal_walls,
          grunt_temple_overflow_open, corexii_hall_statues_t, roderic_lattice_a,
          uniq_terence, uniq_robin

Skill      XL: |  1  2 |
---------------+-------+-----
Fighting       | 1 2 |  2.6
Short Blades   | |  0.8
Dodging        | |  1.3
Stealth        | |  1.7
Spellcasting   | |  1.5
Hexes          | |  2.6

Action                   || total
-------------------------++-------
Melee: Dagger            ||    76
       Kick              ||    13
       Mace              ||     3
Throw: Stone             ||    60
 Cast: Corona            ||     7
Armor: Robe              ||    20
Dodge: Dodged            ||    28

Vault maps used:
D:1:      minmay_arrival_semitransparent
D:2:      minmay_wonky_spiral, nicolae_overflow_crystal_walls,
          grunt_temple_overflow_open, corexii_hall_statues_t, roderic_lattice_a,
          uniq_terence, uniq_robin

Table legend:
 A = Turns spent in this place as a percentage of turns spent in the entire game.
 B = Non-inter-level travel turns spent in this place as a percentage of non-inter-level travel turns spent in the entire game.
 C = Inter-level travel turns spent in this place as a percentage of turns spent in this place.
 D = Turns resting spent in this place as a percentage of non-inter-level travel turns spent in this place.
 E = Turns spent auto-exploring this place as a percentage of non-inter-level travel turns spent in this place.
 F = Non-inter-level travel turns spent in this place divided by the number of levels of this place that you've seen.
                   A       B       C       D       E      F
               +-------+-------+-------+-------+-------+----------------------
         Total | 100.0 | 100.0 |   0.5 |   2.0 |   7.4 | 203.0
       Dungeon | 100.0 | 100.0 |   0.5 |   2.0 |   7.4 | 203.0
               +-------+-------+-------+-------+-------+----------------------

Table legend:
 A = Kills in this place as a percentage of kills in entire the game.
 B = Kills by you in this place as a percentage of kills by you in the entire game.
 C = Kills by friends in this place as a percentage of kills by friends in the entire game.
 D = Other kills in this place as a percentage of other kills in the entire game.
 E = Experience gained in this place as a percentage of experience gained in the entire game.
 F = Experience gained in this place divided by the number of levels of this place that you have seen.
                   A       B       C       D       E      F
               +-------+-------+-------+-------+-------+----------------------
         Total | 100.0 | 100.0 |  -nan |  -nan | 100.0 |  20.5
       Dungeon | 100.0 | 100.0 |  -nan |  -nan | 100.0 |  20.5
               +-------+-------+-------+-------+-------+----------------------
